 Dungeon Crawl Stone Soup version 0.28-a0-1594-ga885d4b3d6 (webtiles) character file.

Game seed: 13773687007722929543

93 lunkers the Conjurer (level 4, 0/24 HPs)
             Began as a Tengu Conjurer on Jan 20, 2022.
             Killed by divine providence
             ... invoked by an orc priest
              (10 damage)
             ... on level 4 of the Dungeon.
             The game lasted 00:02:42 (2820 turns).

lunkers the Conjurer (Tengu Conjurer)               Turns: 2820, Time: 00:02:42

Health: 0/24       AC:  5    Str:  7    XL:     4   Next: 62%
Magic:  5/9        EV: 12    Int: 20    God:
Gold:   133        SH:  0    Dex: 13    Spells: 1/8 levels left

rFire   + . .      SeeInvis .   (no weapon)
rCold   . . .      Faith    .   (no shield)
rNeg    + . .      Spirit   .   a - +0 robe
rPois   .          Reflect  .   (helmet restricted)
rElec   .          Harm     .   (no cloak)
rCorr   .          Rampage  .   m - +2 pair of gloves
Will    .....                   (boots unavailable)
Stlth   ++........              (no amulet)
HPRegen 0.08/turn               g - ring of protection from fire
MPRegen 0.11/turn               k - ring of positive energy

@: attractive
A: beak, talons 3
a: no special abilities


You were on level 4 of the Dungeon.
You visited 1 branch of the dungeon, and saw 4 of its levels.

You collected 133 gold pieces.

Inventory:

Armour
 a - a +0 robe (worn)
 m - a +2 pair of gloves (worn)
Jewellery
 g - a ring of protection from fire (left hand)
 k - a ring of positive energy (right hand)
Scrolls
 b - a scroll of identify {unknown}
 d - 2 scrolls of enchant weapon {unknown}
 f - 4 scrolls of teleportation {unknown}
 h - a scroll of torment {unknown}
 i - a scroll of holy word {unknown}
 j - a scroll of fear {unknown}
Potions
 l - a potion of lignification {unknown}
 n - a potion of curing {unknown}


   Skills:
 - Level 2.1 Dodging
 - Level 2.0 Stealth
 + Level 2.9 Spellcasting
 * Level 7.1 Conjurations


You had one spell level left.
You knew the following spells:

 Your Spells              Type           Power      Damage    Failure   Level
a - Magic Dart            Conj           100%       1d8       1%          1
b - Searing Ray           Conj           62%        2d6       1%          2
c - Iskenderun's Mystic   Conj/Tloc      17%        2d5       32%         4

Your spell library contained the following spells:

 Spells                   Type           Power      Damage    Failure   Level
 Conjure Flame            Conj/Fire      17%        6-21      10%         3
 Dazzling Flash           Conj/Hex       34%        N/A       10%         3
 Fulminant Prism          Conj/Hex       8%         3d7       32%         4
 Sticky Flame             Conj/Fire      17%        2d4       32%         4
 Gell's Gravitas          Tloc           2%         N/A       41%         3
 Ignite Poison            Fire/Tmut/Pois 2%         N/A       41%         3
 Teleport Other           Tloc           2%         N/A       41%         3
 Dispersal                Tloc           1%         N/A       100%        6


Dungeon Overview and Level Annotations

Branches:
Dungeon (4/15)
 Temple: D:4-7

Altars:
Dithmenos

Shops:
D:3 [


Innate Abilities, Weirdness & Mutations

You have a beak for a mouth.
You have claws for feet.


Message History

* * * LOW HITPOINT WARNING * * *
The searing ray hits something but does no damage.
The searing ray misses the orc priest.
You hear some strange, mumbled words.
You are confused.
Unknown command.
Something hits you.
* * * LOW HITPOINT WARNING * * *
The orc priest hits you but does no damage.
Unknown command.
Unknown command.
You hear some strange, mumbled words.
A magic dart appears from out of thin air!
The magic dart hits you.
* * * LOW HITPOINT WARNING * * *
The orc priest hits you but does no damage.
Unknown command.
It was a potion of attraction.
You feel attractive to monsters. Something hits you but does no damage.
The orc priest hits you but does no damage.
An orc wizard appears from thin air!
Reactivating autopickup.
The orc wizard hits you but does no damage.
The orc priest hits you but does no damage.
It was a potion of heal wounds.
You feel much better.
The orc wizard hits you but does no damage.
The orc priest hits you with a +0 dagger.
You bump into the rock wall.
You feel less confused.
The orc wizard hits you with a +0 dagger.
The orc priest calls upon Beogh to heal the orc wizard.
The orc wizard is healed somewhat.
The orc wizard casts a spell at you. The magic dart hits you!
* * * LOW HITPOINT WARNING * * *
The orc wizard is attracted toward you.
The orc priest mumbles some strange prayers to Beogh against you.
Beogh smites you!
You die...

###.........#
##>...).....##
##.).........#
#......<.....#
##..###...##..# ##..##
##.####.# ####..## #.#
#.# #.....## #.# #.#
#####..## #@# #.#
##..## #o## #.#
###.###.o# #.##
##.##..# #..# #.....♣
♣♣♣♣ ..###
###§..♣..§§§≈≈..♣
......#.....♣.≈..§.§≈.♣
#.)....♣.≈.§≈§.§.♣
###..).♣.§≈...§≈.♣ ##


You could see an orc priest and an orc wizard.

Vanquished Creatures
  4 adders
  A howler monkey skeleton (D:4)
  A dart slug (D:2)
  An orc (D:4)
  5 ball pythons
  6 bats
  3 endoplasms (D:2)
  A giant cockroach (D:1)
  4 goblins
  3 hobgoblins
  5 kobolds
  3 quokkas
  6 rats
43 creatures vanquished.

Notes
Turn   | Place    | Note
-------+----------+-------------------------------------------
     0 | D:1      | lunkers the Tengu Conjurer began the quest for the Orb.
     0 | D:1      | Reached XP level 1. HP: 10/10 MP: 4/4
   220 | D:1      | Reached XP level 2. HP: 15/15 MP: 4/6
   429 | D:1      | Learned a level 2 spell: Searing Ray
   667 | D:2      | Reached skill level 6 in Conjurations
   724 | D:2      | Reached XP level 3. HP: 19/19 MP: 0/7
  1176 | D:2      | Reached XP level 4. HP: 24/24 MP: 2/9
  1262 | D:2      | Learned a level 4 spell: Iskenderun's Mystic Blast
  1842 | D:3      | Found Homeaw's Armour Boutique.
  2247 | D:3      | Found a faded altar of an unknown god.
  2627 | D:4      | Reached skill level 7 in Conjurations
  2765 | D:4      | Found a shadowy altar of Dithmenos.
  2820 | D:4      | Killed from afar by an orc priest

Illustrated notes

Levels and vault maps discovered:
D:1:      dpeg_arrival_rhombus, layout_rooms
D:2:      layout_basic
D:3:      layout_basic, serial_shops, nicolae_shop_window_shopping,
          nicolae_ecumenical_snake_handling
D:4:      layout_layer_cave, mainiacjoe_overflow_paths, corexii_hall_statues_x,
          minmay_cut_off

Skill      XL: |  1  2  3  4 |
---------------+-------------+-----
Conjurations   | 6 7 |  7.1
Dodging        | |  2.1
Stealth        | |  2.0
Spellcasting   | |  2.9

Action                   |  1- 3 |  4- 6 || total
-------------------------+-------+-------++-------
 Cast: Magic Dart        |    54 |    38 ||    92
       Searing Ray       |     1 |     2 ||     3
  Use: Potion            |       |     2 ||     2
Armor: Robe              |       |    10 ||    10
Dodge: Dodged            |     2 |     2 ||     4

Table legend: (Time is in decaauts)
 A = Elapsed time spent in this place.
 B = Non-inter-level travel time spent in this place.
 C = Inter-level travel time spent in this place.
 D = Time resting spent in this place.
 E = Time spent auto-exploring this place.
 F = Levels seen in this place.
 G = Mean time per level.
                   A        B        C        D        E       F      G
               +--------+--------+--------+--------+--------+-----+--------+
         Total |   2818 |   2704 |    114 |      0 |   2449 |   4 |  704.5 |
       Dungeon |   2818 |   2704 |    114 |      0 |   2449 |   4 |  704.5 |
               +--------+--------+--------+--------+--------+-----+--------+

Top non-repeatable levels by time:
     D:2: 1212 daAuts
     D:3: 792 daAuts
     D:1: 614 daAuts
     D:4: 198 daAuts
